 Dungeon Crawl Stone Soup version 0.31.0-2-g5a2aebc5c2 (webtiles) character file.

Game seed: 4092478021215827063

6043 dialectric the Severer (level 10, -5/88 HPs)
             Began as a Minotaur Berserker on Jan 20, 2024.
             Was a Priest of Trog.
             Slain by an orc warrior
             ... wielding a +0 flail
              (11 damage)
             ... on level 10 of the Dungeon.
             The game lasted 00:07:37 (8735 turns).

dialectric the Severer (Minotaur Berserker)         Turns: 8735, Time: 00:07:37

Health: -5/88      AC:  5    Str: 24    XL:     10   Next: 57%
Magic:  9/9        EV: 14    Int:  4    God:    Trog [***...]
Gold:   449        SH:  0    Dex: 12    Spells: 9/9 levels left

rFire   . . .        g - +0 broad axe
rCold   . . .        (no shield)
rNeg    . . .        q - +2 robe {Will+}
rPois   .            (helmet restricted)
rElec   .            (no cloak)
rCorr   .            j - +0 pair of gloves
SInv    .            (no boots)
Will    +....        (no amulet)
Stlth   ++           (no ring)
HPRegen 0.34/turn    (no ring)
MPRegen 0.11/turn

%: no passive effects
@: on berserk cooldown, slowed, very slow
A: horns 2, retaliatory headbutt
a: Renounce Religion, Berserk, Trog's Hand


You were on level 10 of the Dungeon.
You worshipped Trog.
Trog was most pleased with you.
You visited 2 branches of the dungeon, and saw 11 of its levels.

You collected 449 gold pieces.

Inventory:

Hand Weapons
 a - a +0 mace
 g - a +0 broad axe (weapon)
 D - a +2 battleaxe
Missiles
 n - 4 poisoned darts (quivered)
 r - a throwing net
Armour
 j - a +0 pair of gloves (worn)
 k - a +0 leather armour
 q - a +2 robe of willpower (worn)
 x - a +0 buckler
 L - a +0 plate armour
Jewellery
 G - an amulet of magic regeneration
 K - a ring of fire
 N - a +6 ring of strength
Wands
 s - a wand of flame (15)
 C - a wand of paralysis (18)
 M - a wand of roots (7)
Scrolls
 c - 3 scrolls of teleportation {unknown}
 d - 10 scrolls of identify
 h - 2 scrolls of amnesia {unknown}
 m - 2 scrolls of immolation
 t - a scroll of acquirement {unknown}
 u - 2 scrolls of blinking {unknown}
 v - 2 scrolls of poison {unknown}
 w - 3 scrolls of fear {unknown}
 y - a scroll of summoning {unknown}
 A - a scroll of silence {unknown}
 E - a scroll of vulnerability {unknown}
 F - a scroll of torment {unknown}
 H - a scroll of fog {unknown}
Potions
 b - 2 potions of degeneration {unknown}
 e - 2 potions of berserk rage {unknown}
 f - a potion of might {unknown}
 i - 10 potions of curing
 l - 3 potions of invisibility {unknown}
 o - 4 potions of heal wounds {unknown}
 p - 3 potions of enlightenment {unknown}
 z - a potion of resistance {unknown}
 B - 2 potions of attraction {unknown}
 I - a potion of haste {unknown}
 J - 2 potions of lignification {unknown}


   Skills:
 + Level 7.9 Fighting
 * Level 15.0(15.2) Axes
 - Level 4.1(10.6) Maces & Flails
 + Level 1.2 Throwing
 * Level 5.5 Armour
 + Level 6.4 Dodging
 - Level 1.1 Stealth


You had 9 spell levels left.
You didn't know any spells.
Your spell library was empty.

Dungeon Overview and Level Annotations

Branches:
Dungeon (10/15)            Temple (0/1) D:7            Lair (1/5) D:9
    Orc: D:9-12

Altars:
Dithmenos
Gozag
Kikubaaqudgha
Makhleb
Uskayaw
Wu Jian
Zin
The Shining One

Annotations:
D:10 Sonja


Innate Abilities, Weirdness & Mutations

You have a pair of horns on your head.
You reflexively headbutt those who attack you in melee.


Message History

The gnoll closely misses you. You furiously retaliate!
You headbutt the gnoll. You closely miss the gnoll.
The gnoll is almost dead.
The gnoll completely misses you.
You slice the gnoll!!
You kill the gnoll!
Trog accepts your kill.
Sonja zaps a wand.
The roots erupt in riotous growth!
The orc warrior is unaffected.
The grasping roots grab you! The grasping roots constrict you.
The orc warrior hits you with a +0 flail!
* * * LOW HITPOINT WARNING * * *
You hear a shout! x3
You escape the roots grasp.
Unknown command.
The orc warrior hits you with a +0 flail.
* * * LOW HITPOINT WARNING * * *
Items here: )))) [ †††.
Sonja zaps a wand.
The roots erupt in riotous growth!
The orc warrior is unaffected.
The warg is unaffected.
The grasping roots grab you! The grasping roots constrict you.
* * * LOW HITPOINT WARNING * * *
You hear a shout!
Items here: ))) [[ †.
It was a potion of curing.
You feel better. The grasping roots constrict you.
* * * LOW HITPOINT WARNING * * *
The orc warrior hits you with a +0 flail!
* * * LOW HITPOINT WARNING * * *
The grasping roots constrict you.
* * * LOW HITPOINT WARNING * * *
The orc warrior closely misses you. You furiously retaliate!
You headbutt the orc warrior!
The grasping roots release their grip on you.
As you read the scroll labelled DOUSKA LEMYURGH, it crumbles to dust.
It is a scroll of identify.
m - 2 scrolls of immolation The orc warrior hits you with a +0 flail!
You die...

....##....# g
..........##gg..
............g.g.
...###.######.#
#)## #..## ##Kh#
######o# ##
#..###@#..#
##......#
##..###.#
####.### ##
##....# #.....#
#.....# #..#..#
#..#..## #####
####


You could see a warg, Sonja and an orc warrior.

Vanquished Creatures
  3 elephants (Lair:1)
  A komodo dragon (Lair:1)
  A hornet (D:9)
  Sigmund (D:4)
  2 wyverns
  A shadow (D:10)
  2 yaks (D:9)
  2 wraiths
  The ghost of Krumphau the Cudgeller, an amateur MiFi (D:3)
  A steam dragon (D:7)
  3 water moccasins
  2 orc warriors (D:9)
  3 black bears
  2 ice beasts
  An ogre (D:4)
  2 centaurs (D:8)
  3 phantoms (D:4)
  A bullfrog (D:9)
  2 scorpions
  10 wights
  3 killer bees (D:8)
  A howler monkey (D:9)
  4 hounds
  4 bombardier beetles
  3 jellies
  2 gnoll boudas
  3 orc priests (D:10)
  An iguana (D:4)
  4 orc wizards
  7 adders
  7 gnolls
  A river rat (D:3)
  3 white imps
  2 dart slugs
  3 ribbon worms
  24 orcs
  8 endoplasms
  A giant cockroach (D:3)
  3 goblins
  3 hobgoblins
  3 jackals (D:5)
  6 quokkas
  A ball python (D:3)
  3 bats
  5 frilled lizards
  6 kobolds
  3 rats
158 creatures vanquished.

Notes
Turn   | Place    | Note
-------+----------+-------------------------------------------
     0 | D:1      | dialectric the Minotaur Berserker began the quest for the
                  | Orb.
     0 | D:1      | Reached XP level 1. HP: 19/19 MP: 0/0
   679 | D:1      | Reached XP level 2. HP: 27/27 MP: 1/1
   963 | D:2      | Found a burning altar of Makhleb.
  1137 | D:2      | Reached ** piety under Trog
  1385 | D:3      | Reached XP level 3. HP: 33/33 MP: 2/2
  1485 | D:3      | Found a shadowy altar of Dithmenos.
  1544 | D:3      | Found a runed translucent door.
  1552 | D:3      | Reached skill level 1 in Axes
  1559 | D:3      | Noticed Krumphau's ghost (amateur MiFi)
  1566 | D:3      | Reached XP level 4. HP: 36/40 MP: 3/3
  1572 | D:3      | Killed Krumphau's ghost
  1573 | D:3      | Reached skill level 3 in Axes
  1573 | D:3      | Reached XP level 5. HP: 12/47 MP: 4/4
  1576 | D:3      | Found a runed translucent door.
  1768 | D:3      | Found an ornate altar of the Wu Jian Council.
  2203 | D:3      | Found a glowing golden altar of the Shining One.
  2551 | D:4      | Reached skill level 4 in Axes
  2551 | D:4      | Reached XP level 6. HP: 46/55 MP: 5/5
  2606 | D:4      | Reached skill level 5 in Fighting
  2606 | D:4      | Reached skill level 5 in Axes
  3155 | D:4      | Reached skill level 6 in Axes
  3155 | D:4      | Reached XP level 7. HP: 52/61 MP: 6/6
  3375 | D:4      | Reached skill level 1 in Stealth
  3427 | D:4      | Noticed Sigmund
  3435 | D:4      | Killed Sigmund
  3436 | D:4      | Reached skill level 7 in Axes
  3826 | D:4      | Reached skill level 8 in Axes
  3979 | D:4      | Found an opulent altar of Gozag.
  4035 | D:5      | Entered Level 5 of the Dungeon
  4114 | D:5      | Reached XP level 8. HP: 67/69 MP: 7/7
  4482 | D:5      | Reached *** piety under Trog
  4483 | D:5      | Reached skill level 9 in Axes
  4587 | D:5      | Found a glowing silver altar of Zin.
  5255 | D:6      | Found a hide-covered altar of Uskayaw.
  5281 | D:6      | Found a burning altar of Makhleb.
  5281 | D:6      | Noticed a blizzard demon
  5284 | D:6      | Noticed a hellwing
  5453 | D:7      | Reached skill level 10 in Axes
  5958 | D:7      | Found a staircase to the Ecumenical Temple.
  5963 | D:7      | Reached skill level 5 in Dodging
  5965 | D:7      | Reached skill level 11 in Axes
  6246 | D:7      | Reached XP level 9. HP: 59/75 MP: 8/8
  6568 | D:8      | Reached skill level 12 in Axes
  7277 | D:9      | Reached skill level 13 in Axes
  7289 | D:9      | Reached skill level 1 in Throwing
  7699 | D:9      | Found a staircase to the Lair.
  7759 | D:9      | Reached XP level 10. HP: 70/86 MP: 9/9
  8152 | D:9      | Found an ancient bone altar of Kikubaaqudgha.
  8265 | Lair:1   | Entered Level 1 of the Lair of Beasts
  8294 | Lair:1   | Noticed an elephant
  8294 | Lair:1   | Noticed an elephant
  8294 | Lair:1   | Noticed an elephant
  8304 | Lair:1   | Killed an elephant
  8305 | Lair:1   | Reached skill level 14 in Axes
  8306 | Lair:1   | Killed an elephant
  8307 | Lair:1   | Reached skill level 5 in Armour
  8311 | Lair:1   | Killed an elephant
  8317 | Lair:1   | HP: 2/86 [komodo dragon (20)]
  8565 | Lair:1   | Noticed a cane toad
  8621 | D:10     | Entered Level 10 of the Dungeon
  8718 | D:10     | Reached skill level 15 in Axes
  8724 | D:10     | Noticed Sonja
  8735 | D:10     | Slain by an orc warrior

Illustrated notes

Levels and vault maps discovered:
D:1:      amcnicky_arrival_double_pillar, layout_basic, kennysheep_minor_cross
D:2:      layout_rooms, basic_altar
D:3:      layout_basic, nicolae_dithmenos_the_darkroom,
          mainiacjoe_overflow_alcove_2, mainiacjoe_overflow_catwalk,
          ebering_ghost_sewer_f
D:4:      layout_loops_corners, lemuel_coloured_pillars_altar, minivault_1,
          uniq_sigmund
D:5:      layout_loops_corners, zin_treasury, minmay_misc_feat_nine_boxes
D:6:      layout_gridville, makhleb_altar_promises_db,
          nicolae_uskayaw_dance_hall
D:7:      nicolae_BIG_FREAKIN_CUBE, layout_basic,
          minmay_temple_entry_statues_fountains, dk_vineyard_3, minivault_24
D:8:      layout_cave_pools, hex_medium, minmay_misc_feat_columns
D:9:      layout_basic, mainiacjoe_overflow_surrounded_room, dpeg_oklobed_lair,
          serial_curves, eino_curves_02, eino_curves_02, st_stairs_5
D:10:     layout_layer_cave, mainiacjoe_overflow_six_doors_small, erik_orc_4,
          uniq_sonja
Lair:1:   layout_gridlike

Skill      XL: |  1  2  3  4  5  6  7  8  9 10 |
---------------+-------------------------------+-----
Maces & Flails | 4 |  4.1
Dodging        | 3 4 5 6 |  6.4
Fighting       | 4 5 6 7 |  7.9
Axes           | 1 3 4 6 8 11 13 15 | 15.0
Armour         | 3 4 5 |  5.5
Stealth        | 1 |  1.1
Throwing       | 1 |  1.2

Action                     |  1- 3 |  4- 6 |  7- 9 | 10-12 || total
---------------------------+-------+-------+-------+-------++-------
  Melee: Mace              |    28 |       |       |       ||    28
         Headbutt          |     3 |    14 |    33 |    12 ||    62
         Broad axe         |    27 |    80 |   194 |    65 ||   366
         Punch             |     1 |     1 |     6 |     1 ||     9
  Throw: Dart              |       |     1 |     4 |       ||     5
 Invoke: Berserk           |     1 |     1 |     4 |     3 ||     9
    Use: Scroll            |       |       |       |     1 ||     1
         Potion            |       |       |       |     1 ||     1
   Stab: Sleeping          |       |     1 |     1 |       ||     2
 Armour: Animal skin       |    27 |    10 |       |       ||    37
         Leather armour    |       |    47 |     8 |       ||    55
         Robe              |       |       |   127 |    46 ||   173
  Dodge: Dodged            |    42 |    54 |   134 |    41 ||   271
